 Dungeon Crawl Stone Soup version 0.17.1-3-g152610e (webtiles) character file.

293 Yevrel the Skirmisher (level 6, -7/48 HPs)
             Began as a Demonspawn Fighter on Apr 5, 2016.
             Mangled by a mummy (12 damage)
             ... in an ossuary.
             The game lasted 00:07:18 (2702 turns).

Yevrel the Skirmisher (Demonspawn Fighter)          Turns: 2702, Time: 00:07:18

Health: -7/48      AC:  6    Str: 18    XL:     6   Next: 11%
Magic:  6/6        EV:  3    Int: 10    God:
Gold:   104        SH:  9    Dex: 12    Spells: 0 memorised, 5 levels left

rFire  + . .     SeeInvis .     a - +4 flail
rCold  . . .     Clarity  .     b - +0 scale mail
rNeg   . . .     SustAt   .     c - +0 shield
rPois  .         Gourm    .     (helmet restricted)
rElec  .         Spirit   .     (no cloak)
rCorr  .         Warding  .     (no gloves)
rMut   .         Stasis   .     (no boots)
MR     .....                    (no amulet)
Stlth  ..........               (no ring)
                                k - ring of protection from fire

@: not resistant to hostile enchantments, extremely unstealthy
A: horns 1, foul stench 1, spiny 2, rot immunity
a: no special abilities


You were in an ossuary.
You were very hungry.

You visited 1 branch of the dungeon, and saw 4 of its levels.
You also visited: Ossuary.

You collected 104 gold pieces.

Inventory:

Hand Weapons
 a - a +4 flail (weapon)
Missiles
 i - 2 throwing nets (quivered)
Armour
 b - a +0 scale mail (worn)
 c - a +0 shield (worn)
Jewellery
 k - a ring of protection from fire (left hand)
 v - an uncursed amulet of inaccuracy
Wands
 h - a wand of fire (5)
Scrolls
 e - a scroll of magic mapping {unknown}
 j - 3 scrolls of fog {unknown}
 l - 2 scrolls of fear {unknown}
 n - a scroll of immolation {unknown}
 o - 2 scrolls of enchant armour {unknown}
 q - 2 scrolls of identify {unknown}
 w - a scroll of recharging {unknown}
 x - 3 scrolls of teleportation {unknown}
 y - a scroll of amnesia
Potions
 d - 2 potions of might
 f - 2 potions of curing {unknown}
 s - 2 potions of agility {unknown}
 t - a potion of lignification {unknown}
 u - a potion of poison {unknown}
Comestibles
 g - a meat ration
 m - 15 fruits
 p - a royal jelly
 r - a slice of pizza


   Skills:
 + Level 4.0 Fighting
 + Level 2.9 Maces & Flails
 + Level 3.4 Armour
 + Level 2.1 Dodging
 + Level 1.1 Stealth
 + Level 3.8 Shields


You had 5 spell levels left.
You didn't know any spells.

Dungeon Overview and Level Annotations

Branches:
Dungeon (4/15)
 Temple: D:4-7

Altars:

Shops:
D:4 !*


Innate Abilities, Weirdness & Mutations

You have a pair of small horns on your head.
You may emit foul miasma when damaged in melee.
You are mostly covered in sharp spines.
You are immune to rotting.


Message History

You hit the big kobold zombie.
You block the big kobold zombie's attack.
The big kobold zombie hits you but does no damage.
You hit the big kobold zombie but do no damage.
The mummy hits you. The mummy hits you!
The big kobold zombie barely misses you. x2
You sock the big kobold zombie! The mummy is struck by your spines.
The mummy hits you. The mummy hits you!
* * * LOW HITPOINT WARNING * * *
You block the big kobold zombie's attack.
The big kobold zombie is struck by your spines.
The big kobold zombie hits you but does no damage.
You block the mummy's attack.
The big kobold zombie hits you but does no damage.
Found 9 gold pieces.
The mummy barely misses you.
Found 31 gold pieces.
There is a gate leading back out of this place here.
The mummy hits you!
You die...

...........#
##.........##
#...........#
##.........##
#...........#
##.........##
#.....M.....#
##...MZ....##
#....Z@.....#
#####...#####
##.## #.# #.#
$$$ $$$ $$$


You could see 2 mummies and 2 big kobold zombies.

Vanquished Creatures
  An ogre (D:4)
  A centaur skeleton (D:4)
  An orc wizard (D:3)
  A worker ant (D:3)
  A big kobold zombie (Ossuary)
  3 adders
  4 worms
  2 giant geckos (D:2)
  7 orcs (D:3)
  6 hobgoblins
  2 jackals (D:3)
  8 bats
  3 giant cockroaches
  4 giant newts
  2 gnoll zombies (Ossuary)
  8 goblins
  3 goblin zombies (Ossuary)
  4 hobgoblin zombies (Ossuary)
  8 kobolds
  2 orc zombies (Ossuary)
  5 rats
76 creatures vanquished.

Notes
Turn   | Place    | Note
--------------------------------------------------------------
     0 | D:1      | Yevrel the Demonspawn Fighter began the quest for the Orb.
     0 | D:1      | Reached XP level 1. HP: 18/18 MP: 1/1
   287 | D:1      | Gained mutation: You are immune to rotting. [demonic ancestry]
   287 | D:1      | Reached XP level 2. HP: 24/24 MP: 2/2
   843 | D:2      | Gained mutation: You are partially covered in sharp spines. [demonic ancestry]
   843 | D:2      | Reached XP level 3. HP: 10/29 MP: 3/3
  1454 | D:2      | Reached skill level 1 in Dodging
  1808 | D:3      | Gained mutation: You may emit foul miasma when damaged in melee. [demonic ancestry]
  1808 | D:3      | Reached XP level 4. HP: 30/35 MP: 4/4
  2148 | D:3      | Found a faded altar to an unknown god.
  2458 | D:3      | Gained mutation: You have a pair of small horns on your head. [demonic ancestry]
  2458 | D:3      | Reached XP level 5. HP: 35/41 MP: 5/5
  2533 | D:4      | Found Unaduud's Assorted Antiques.
  2555 | D:4      | Noticed an ogre
  2559 | D:4      | Killed an ogre
  2559 | D:4      | Reached skill level 1 in Stealth
  2559 | D:4      | Gained mutation: You are mostly covered in sharp spines. [demonic ancestry]
  2559 | D:4      | Reached XP level 6. HP: 48/48 MP: 6/6
  2576 | D:4      | Found Doushrir's Distillery.
  2635 | D:4      | Found a sand-covered staircase.
  2643 | Ossuary  | Entered an ossuary
  2680 | Ossuary  | Reached skill level 4 in Fighting
  2702 | Ossuary  | Mangled by a mummy

Action                   |  1- 3 |  4- 6 || total
-------------------------+-------+-------++-------
Melee: Flail             |   109 |    64 ||   173
  Use: Scroll            |     3 |     4 ||     7
  Eat: Bread ration      |     1 |       ||     1
